Map: Ulzaan

Players

YeeIrishMann - Winner!

  • Race: Protoss Protoss
  • Spawn Location: 9:00

JohnnyBGood - Winner!

  • Race: Protoss Protoss
  • Spawn Location: 11:00

Subwaymaker

  • Race: Protoss Protoss
  • League: Gold
  • Spawn Location: 1:00

Mesrob

  • Race: Terran Terran
  • League: Platinum
  • Spawn Location: 3:00

VOD

Have the link to the VOD?

Description

Time

  • Played on: March 15, 2019, 8:40 p.m.
  • Length: 18:35
Show
View Real Time Build Order
Export as new Build Order

YeeIrishMann Protoss - Winner!

Build Orders:  

Get SALT Encoding   

  12  0:01  Probe  
  13  0:13  Probe  
  14  0:20  Pylon  
  14  0:25  Assimilator, Probe  
  14  0:34  Probe  
  16  0:46  Probe  
  16  0:48  Gateway  
  17  0:55  Probe  
  17  1:03  Probe  
  18  1:06  Assimilator  
  19  1:12  Probe  
  20  1:24  Probe  
  21  1:36  Probe  
  21  1:37  Cybernetics Core  
  22  1:49  Probe  
  23  2:02  Pylon  
  23  2:08  Pylon  
  23  2:19  Stargate, Probe  
  23  2:21  Stargate  
  24  2:44  Nexus  
  24  3:03  Void Ray  
  28  3:13  Void Ray  
  28  3:17  Assimilator  
  32  3:22  Assimilator  
  32  3:40  Pylon  
  32  3:48  Void Ray  
  32  3:50  Probe  
  37  3:57  Probe  
  37  4:01  Probe  
  38  4:05  Probe  
  40  4:16  Void Ray  
  44  4:17  Probe  
  44  4:23  Probe  
  46  4:37  Void Ray  
  50  4:43  Probe  
  51  4:56  Probe  
  52  5:04  Void Ray  
  56  5:15  Probe  
  57  5:23  Probe  
  57  5:26  Void Ray  
  62  6:22  Pylon  
  62  6:27  Pylon  
  62  6:40  Void Ray x2  
  62  6:41  Pylon  
  62  6:43  Probe  
  62  6:46  Stargate  
  71  6:48  Stargate  
  71  6:51  Probe  
  71  6:54  Probe  
  71  6:59  Probe  
  73  7:02  Probe  
  73  7:06  Nexus  
  73  7:08  Assimilator  
  75  7:11  Probe  
  75  7:12  Assimilator, Probe  
  77  7:22  Void Ray  
  77  7:23  Probe  
  77  7:24  Probe  
  83  7:36  Probe  
  84  8:00  Protoss Air Armor Level 1  
  80  8:12  Void Ray  
  84  8:17  Void Ray x3  
  96  8:22  Pylon  
  96  8:24  Pylon  
  96  8:27  Pylon  
  96  8:28  Pylon  
  96  8:39  Forge  
  96  8:42  Probe  
  97  8:51  Probe  
  98  9:00  Probe  
  98  9:02  Fleet Beacon  
  98  9:06  Protoss Shields Level 1  
  98  9:08  Void Ray  
  103  9:12  Probe  
  103  9:13  Void Ray  
  108  9:20  Void Ray, Probe  
  112  9:28  Probe  
  113  9:37  Cybernetics Core  
  114  9:39  Probe  
  114  9:42  Protoss Air Weapons Level 1  
  115  9:51  Probe  
  116  9:53  Void Ray  
  116  9:55  Void Ray  
  124  10:00  Void Ray  
  128  10:08  Twilight Council  
  128  10:21  Void Ray  
  128  10:23  Probe  
  133  10:33  Protoss Air Armor Level 2  
  133  10:56  Pylon  
  133  10:57  Pylon  
  133  10:59  Pylon  
  133  11:01  Pylon  
  133  11:05  Protoss Shields Level 2  
  133  11:07  Pylon  
  133  11:14  Void Ray x3, Probe  
  146  11:25  Probe  
  147  11:33  Probe  
  148  11:41  Probe  
  149  11:53  Probe  
  149  11:54  Tempest  
  150  11:57  Tempest  
  150  11:59  Tempest  
  165  12:05  Pylon x2, Probe  
  165  12:07  Shield Battery  
  166  12:09  Pylon  
  166  12:11  Pylon  
  166  12:12  Protoss Air Weapons Level 2  
  166  12:15  Tempest  
  166  12:17  Probe  
  172  12:37  Tempest  
  172  12:41  Tempest  
  182  12:52  Tempest  
  187  13:06  Assimilator  
  187  13:10  Nexus  
  187  13:16  Assimilator  
  187  13:19  Tempest  
  187  13:21  Tempest  
  187  13:22  Protoss Air Armor Level 3  
  187  13:24  Protoss Shields Level 3  
  197  14:03  Probe  
  198  14:11  Probe  
  199  14:20  Probe  
  137  16:58  Void Ray x4  
Show
View Real Time Build Order
Export as new Build Order

JohnnyBGood Protoss - Winner!

Build Orders: Cannon Rush, Carriers 

Get SALT Encoding   

  12  0:02  Probe  
  13  0:14  Probe  
  13  0:19  Pylon  
  14  0:23  Probe  
  15  0:33  Probe  
  15  0:40  Forge  
  16  0:43  Probe  
  17  0:57  Pylon  
  17  1:01  Pylon  
  17  1:18  Photon Cannon  
  17  1:24  Photon Cannon  
  17  1:32  Probe  
  18  1:40  Photon Cannon  
  18  1:51  Photon Cannon  
  18  2:06  Probe  
  19  2:17  Photon Cannon  
  19  2:26  Photon Cannon  
  19  2:27  Photon Cannon  
  19  2:30  Photon Cannon  
  19  2:42  Photon Cannon  
  19  2:56  Pylon  
  19  3:02  Pylon  
  19  3:14  Photon Cannon  
  19  3:21  Photon Cannon  
  19  3:29  Photon Cannon  
  19  3:38  Photon Cannon  
  19  3:47  Photon Cannon  
  19  4:03  Photon Cannon  
  19  4:14  Photon Cannon  
  19  4:20  Photon Cannon  
  19  4:32  Photon Cannon  
  19  4:43  Photon Cannon  
  15  4:59  Probe  
  15  5:07  Probe  
  16  5:16  Probe  
  17  5:28  Probe  
  17  5:31  Photon Cannon  
  18  5:52  Nexus  
  18  6:01  Probe  
  18  6:09  Probe  
  20  6:26  Probe  
  20  6:29  Assimilator  
  20  6:31  Assimilator  
  21  6:35  Probe  
  22  6:44  Probe  
  22  6:52  Probe  
  24  7:02  Probe  
  24  7:03  Assimilator  
  24  7:08  Assimilator  
  25  7:09  Protoss Shields Level 1  
  25  7:10  Probe  
  25  7:15  Probe  
  27  7:19  Probe  
  28  7:27  Probe  
  29  7:32  Probe  
  30  7:44  Probe, Gateway  
  31  7:52  Photon Cannon  
  31  7:56  Probe, Photon Cannon  
  32  8:07  Probe  
  33  8:15  Probe  
  34  8:25  Probe, Nexus  
  35  8:37  Probe  
  36  8:49  Probe  
  36  8:55  Cybernetics Core x2  
  38  9:05  Probe  
  38  9:13  Probe  
  38  9:20  Pylon x2  
  38  9:22  Probe  
  38  9:23  Pylon  
  40  9:32  Assimilator  
  40  9:34  Probe  
  40  9:36  Probe  
  40  9:37  Assimilator  
  41  9:44  Probe  
  42  9:46  Probe  
  42  9:52  Stargate  
  44  9:53  Probe  
  45  10:00  Stargate  
  45  10:05  Stargate  
  45  10:24  Stargate  
  45  10:30  Pylon  
  45  10:33  Stargate  
  45  10:37  Protoss Air Weapons Level 1  
  45  10:38  Protoss Air Armor Level 1  
  45  10:40  Fleet Beacon  
  45  10:45  Probe  
  46  10:53  Probe  
  46  11:02  Probe  
  48  11:14  Carrier  
  48  11:17  Carrier  
  48  11:19  Pylon x2  
  60  11:46  Probe  
  60  11:48  Carrier  
  67  11:54  Probe  
  68  12:04  Probe  
  69  12:16  Probe, Carrier  
  69  12:21  Mothership  
  76  12:26  Anion Pulse-Crystals  
  76  12:28  Probe  
  77  12:38  Carrier  
  77  12:40  Probe  
  84  12:52  Protoss Air Weapons Level 2  
  92  13:07  Probe  
  93  13:16  Probe  
  93  13:19  Protoss Air Armor Level 2  
  94  13:25  Probe  
  94  13:33  Carrier  
  101  13:37  Probe  
  102  13:46  Carrier  
  108  13:49  Probe  
  102  14:56  Carrier  
  102  14:57  Carrier  
  102  14:58  Carrier  
  109  15:45  Carrier  
  115  15:50  Pylon  
  115  15:51  Pylon  
  115  16:08  Carrier  
  91  17:24  Carrier x2  
  91  17:25  Carrier  
  91  17:26  Carrier x2  
Show
View Real Time Build Order
Export as new Build Order

Subwaymaker Protoss 

Build Orders: Oracle Opening 

Get SALT Encoding   

  12  0:01  Probe  
  13  0:16  Pylon  
  13  0:18  Probe  
  14  0:30  Probe  
  15  0:36  Gateway  
  15  0:42  Probe  
  16  0:50  Probe  
  16  0:54  Assimilator  
  17  1:00  Probe  
  18  1:11  Probe  
  19  1:19  Pylon, Probe  
  20  1:26  Cybernetics Core  
  20  1:27  Probe  
  20  1:31  Assimilator  
  21  1:39  Probe  
  22  1:51  Probe  
  23  1:54  Adept  
  23  2:04  Gateway  
  23  2:06  Warp Gate  
  24  2:11  Pylon  
  24  2:13  Probe  
  25  2:24  Adept  
  27  2:38  Stargate  
  27  2:47  Nexus  
  27  2:49  Probe  
  28  3:00  Probe  
  29  3:08  Probe  
  30  3:16  Probe  
  30  3:17  Stalker  
  30  3:19  Sentry  
  35  3:28  Probe  
  36  3:38  Oracle  
  37  3:55  Probe  
  37  3:58  Probe  
  37  4:05  Protoss Air Weapons Level 1  
  37  4:06  Probe  
  37  4:07  Probe  
  38  4:10  Pylon  
  38  4:13  Pylon  
  38  4:16  Probe  
  39  4:20  Probe  
  41  4:28  Probe  
  41  4:30  Assimilator  
  42  4:32  Probe  
  42  4:35  Assimilator  
  42  4:38  Pylon  
  43  4:40  Probe  
  43  4:44  Probe  
  45  4:50  Void Ray  
  45  4:53  Probe  
  45  4:56  Probe  
  44  5:02  Stalker x2  
  44  5:05  Probe  
  53  5:08  Probe  
  53  5:12  Stargate  
  54  5:23  Shield Battery  
  54  5:25  Shield Battery  
  54  5:27  Pylon  
  54  5:30  Pylon  
  54  5:33  Stalker  
  54  5:34  Stalker  
  58  5:38  Void Ray  
  43  5:59  Void Ray  
  47  6:24  Void Ray  
  51  6:49  Probe  
  52  6:58  Nexus  
  52  7:01  Pylon, Probe  
  53  7:04  Fleet Beacon  
  53  7:11  Protoss Air Armor Level 1  
  53  7:13  Probe  
  54  7:25  Probe  
  55  7:33  Zealot x2  
  59  7:37  Probe  
  60  7:49  Probe  
  61  7:51  Tempest  
  66  8:01  Probe  
  67  8:14  Probe  
  67  8:16  Probe  
  67  8:19  Twilight Council  
  69  8:23  Pylon  
  69  8:24  Probe  
  69  8:26  Probe  
  71  8:38  Probe  
  72  8:41  Tempest  
  72  8:45  Protoss Air Weapons Level 2  
  77  9:00  Probe  
  77  9:03  Probe  
  79  9:15  Probe  
  80  9:31  Nexus  
  80  9:34  Assimilator  
  81  9:38  Probe x2  
  82  9:50  Probe  
  83  9:53  Blink  
  83  9:55  Stalker  
  85  10:00  Stalker  
  85  10:01  Probe  
  85  10:03  Probe  
  89  10:15  Assimilator  
  89  10:16  Probe  
  89  10:18  Pylon  
  90  10:24  Probe  
  90  10:27  Tempest  
  96  10:41  Probe x2  
  96  10:43  Probe  
  96  10:49  Probe x2  
  99  10:51  Tempest  
  99  10:55  Probe  
  107  10:58  Probe x2  
  109  11:08  Pylon, Probe  
  110  11:14  Dark Shrine  
  110  11:19  Stargate  
  110  11:21  Protoss Air Weapons Level 3, Stargate  
  110  11:25  Tempest  
  115  11:27  Tempest  
  120  11:43  Probe x2  
  122  11:51  Probe  
  122  11:55  Probe  
  124  12:04  Cybernetics Core  
  124  12:06  Pylon  
  124  12:11  Tempest  
  124  12:12  Tempest  
  124  12:13  Void Ray, Gateway  
  124  12:14  Gateway  
  138  12:24  Pylon x2, Void Ray  
  138  12:25  Pylon  
  138  12:28  Pylon  
  142  12:33  Dark Templar x2  
  146  12:42  Mothership  
  146  12:43  Protoss Air Armor Level 2  
  154  12:54  Void Ray  
  154  12:55  Void Ray  
  154  12:56  Charge  
  162  13:16  Dark Templar  
  162  13:17  Dark Templar  
  162  13:19  Zealot x2  
  170  13:28  Gateway  
  170  13:30  Gateway  
  170  13:37  Void Ray  
  170  13:38  Void Ray  
  178  13:51  Pylon  
  178  13:55  Pylon  
  178  14:00  Pylon  
  178  14:02  Pylon  
  178  14:09  Void Ray  
  182  14:23  Forge  
  182  14:25  Forge  
  182  14:32  Zealot  
  182  14:33  Zealot x4  
  182  14:36  Void Ray  
  33  16:12  Nexus  
  3  17:26  Probe  
  3  17:34  Probe  
  3  17:36  Pylon  
  4  17:40  Assimilator  
  4  17:41  Nexus  
  5  17:45  Pylon  
  5  17:49  Assimilator  
  5  17:54  Gateway  
Show
View Real Time Build Order
Export as new Build Order

Mesrob Terran 

Build Orders: Mech 

Get SALT Encoding   

  12  0:01  SCV  
  13  0:14  SCV  
  14  0:20  Supply Depot  
  14  0:27  SCV  
  15  0:41  SCV  
  16  0:43  Barracks  
  16  0:52  Refinery  
  16  0:53  SCV  
  17  1:05  SCV  
  18  1:17  SCV  
  19  1:31  Marine  
  20  1:40  Command Center  
  20  1:42  Orbital Command  
  20  2:03  Barracks Tech Lab  
  20  2:09  SCV  
  20  2:10  Factory  
  21  2:17  Refinery  
  21  2:21  SCV  
  22  2:33  SCV  
  23  2:50  Supply Depot  
  23  2:51  SCV  
  24  3:03  SCV  
  24  3:05  Siege Tank  
  28  3:12  Engineering Bay  
  28  3:14  Orbital Command  
  28  3:15  SCV  
  28  3:16  Supply Depot  
  29  3:28  SCV  
  30  3:37  Siege Tank  
  30  3:40  Supply Depot, SCV  
  34  3:46  Command Center  
  34  3:52  SCV x2  
  36  3:59  Refinery  
  36  4:04  SCV  
  36  4:09  Siege Tank  
  40  4:16  Factory, SCV  
  41  4:20  Armory  
  41  4:28  SCV  
  42  4:33  Refinery  
  42  4:45  Siege Tank  
  45  4:54  SCV  
  46  5:00  SCV x2  
  46  5:01  Refinery  
  46  5:05  Marine  
  46  5:06  SCV  
  50  5:16  Missile Turret  
  50  5:19  Missile Turret  
  50  5:22  Missile Turret x2  
  50  5:23  Marine  
  50  5:26  Refinery  
  51  5:31  Terran Vehicle Weapons Level 1  
  51  5:33  Missile Turret  
  51  5:39  Planetary Fortress  
  51  5:43  Missile Turret  
  51  5:45  Missile Turret  
  51  5:52  Thor  
  51  5:55  Missile Turret  
  57  6:03  Missile Turret  
  57  6:15  Missile Turret  
  57  6:25  SCV x3  
  60  6:35  Cyclone  
  60  6:36  Factory Tech Lab  
  63  6:49  Missile Turret  
  63  6:58  Factory x3  
  63  7:04  Factory  
  63  7:17  Missile Turret  
  63  7:34  Armory  
  63  7:38  Missile Turret  
  63  7:45  SCV  
  63  7:46  SCV x2  
  63  7:50  Factory Reactor x2  
  66  7:52  Factory Tech Lab, Factory Reactor  
  66  7:57  SCV  
  67  8:02  Missile Turret  
  59  8:16  Thor  
  59  8:18  SCV  
  59  8:19  SCV x2  
  68  8:28  Missile Turret  
  68  8:54  Missile Turret  
  68  9:00  Command Center  
  68  9:13  Command Center, Thor  
  74  9:18  Widow Mine  
  76  9:29  Supply Depot x2  
  76  9:31  Supply Depot  
  76  9:39  SCV  
  77  9:50  Hellbat, SCV x2, Thor  
  77  9:51  Hellbat x2, Widow Mine  
  93  9:53  Hellbat x3, SCV  
  100  10:00  Supply Depot  
  100  10:03  Supply Depot, SCV  
  100  10:05  Supply Depot  
  101  10:11  SCV x2  
  101  10:12  Hellbat x3  
  109  10:15  Hellbat x2, SCV  
  114  10:22  Thor  
  114  10:23  SCV  
  114  10:26  Supply Depot  
  114  10:27  Supply Depot, Terran Vehicle And Ship Armor Level 1  
  121  10:29  Supply Depot  
  121  10:30  Terran Vehicle Weapons Level 2  
  121  10:33  SCV x2, Thor  
  129  10:35  SCV  
  131  10:50  Planetary Fortress  
  131  10:53  SCV x2  
  131  10:54  SCV  
  133  10:58  SCV  
  134  11:05  Supply Depot, SCV x2  
  134  11:06  Supply Depot, SCV  
  134  11:10  SCV  
  138  11:12  Hellbat x2  
  138  11:13  Hellbat x2  
  138  11:17  SCV  
  138  11:18  SCV  
  148  11:35  Factory  
  148  11:39  Factory  
  148  11:45  Thor  
  154  12:02  Supply Depot  
  154  12:09  Supply Depot  
  154  12:15  SCV  
  154  12:16  SCV x3  
  154  12:18  Factory  
  154  12:19  Orbital Command  
  158  12:25  Refinery  
  158  12:27  SCV  
  158  12:28  Refinery, SCV x3  
  162  12:31  Refinery  
  162  12:33  Supply Depot  
  162  12:34  Supply Depot  
  162  12:36  Factory Tech Lab x2  
  162  12:38  Infernal Pre-Igniter  
  162  12:40  SCV x2  
  162  12:41  Drilling Claws  
  164  12:45  Smart Servos  
  164  12:47  Terran Vehicle And Ship Armor Level 2  
  164  12:49  Terran Vehicle Weapons Level 3  
  164  12:57  Supply Depot  
  164  12:58  Refinery, Supply Depot  
  164  13:08  SCV x3  
  167  13:15  Command Center  
  167  13:23  SCV  
  168  14:02  Thor x3  
  174  14:03  Thor x2  
  174  14:07  Hellbat  
  200  14:17  Missile Turret  
  200  14:24  Missile Turret  
  197  14:42  Missile Turret  
  197  14:43  Hellbat x2  
  199  14:48  Missile Turret  
  199  14:53  Starport x2  
  199  14:54  Starport  
  199  15:05  Missile Turret  
  199  15:10  Missile Turret  
  186  16:18  Thor x4  
  125  16:47  Hellion  
  125  16:48  Hellion x5  
  127  17:01  Hellion x3  
  108  17:22  Command Center  
  12  18:24  Barracks  
Tags
 
Add a new tag
Caveats
  • Supply blocks, unpowered buildings, or Contaminate may cause inaccurate times.
  • Supply counts are checked every 10 seconds.